Map: Neon Violet Square LE

Players

Manalo

  • Race: Zerg Zerg
  • Spawn Location: 5:00

IagoAbreu

  • Race: Zerg Zerg
  • League: Silver
  • Spawn Location: 11:00

VOD

Have the link to the VOD?

Description

Time

  • Played on: Feb. 24, 2018, 9:20 p.m.
  • Length: 3:11
Show
View Real Time Build Order
Export as new Build Order

Manalo Zerg 

Build Orders: Hatch First 

Get SALT Encoding   

  12  0:01  Drone  
  13  0:13  Drone  
  14  0:25  Extractor  
  14  0:27  Drone  
  14  0:43  Hatchery  
  13  0:54  Overlord  
  13  0:55  Drone  
  14  1:15  Drone x2  
  16  1:26  Spawning Pool  
  15  1:38  Drone x2  
  15  1:39  Drone  
  18  1:55  Drone  
  18  2:00  Drone  
  20  2:07  Drone  
  21  2:10  Drone  
  21  2:15  Queen  
  22  2:17  Zergling x2  
  25  2:26  Zergling x2  
  26  2:34  Drone x2  
  28  2:40  Overlord  
  28  2:52  Overlord x2  
Show
View Real Time Build Order
Export as new Build Order

IagoAbreu Zerg 

Build Orders: 3 Hatch before Pool 

Get SALT Encoding   

  12  0:32  Drone  
  12  0:34  Hatchery  
  12  0:43  Drone  
  12  0:44  Drone  
  14  0:51  Overlord  
  14  1:04  Overlord  
  14  1:15  Drone  
  15  1:19  Drone  
  16  1:50  Hatchery  
  16  1:51  Spawning Pool  
  14  1:57  Drone x2  
  16  2:07  Drone x2  
  18  2:08  Drone  
  19  2:16  Extractor  
  19  2:20  Extractor  
  19  2:21  Drone x2  
  19  2:26  Drone  
  20  2:31  Overlord  
  20  2:50  Drone x2  
Tags
 
Add a new tag
Caveats
  • Supply blocks, unpowered buildings, or Contaminate may cause inaccurate times.
  • Supply counts are checked every 10 seconds.